Map: [ESL] Alcyone

Players

MaxPax - Winner!

  • Race: Protoss Protoss
  • Spawn Location: 7:00

Gerald

  • Race: Protoss Protoss
  • Spawn Location: 1:00

Event: ESL SC2 Masters 2023 Winter (Regional)

VOD

Have the link to the VOD?

Description

Time

  • Played on: Oct. 28, 2023, 12:44 p.m.
  • Length: 13:14

All games in this series

Show
View Real Time Build Order
Export as new Build Order

MaxPax Protoss - Winner!

Build Orders: Oracle Opening 

Get SALT Encoding   

  12  0:00  Probe  
  13  0:12  Probe  
  14  0:20  Pylon  
  14  0:24  Probe  
  15  0:38  Probe (Chrono Boost)  
  15  0:40  Gateway  
  16  0:47  Probe (Chrono Boost)  
  16  0:48  Assimilator  
  17  0:52  Probe (Chrono Boost)  
  18  1:01  Assimilator  
  18  1:05  Pylon, Probe (Chrono Boost)  
  19  1:13  Probe (Chrono Boost)  
  20  1:19  Probe  
  21  1:27  Cybernetics Core  
  21  1:31  Zealot, Probe  
  24  1:43  Probe  
  25  1:55  Probe  
  26  2:04  Stargate, Adept  
  26  2:07  Probe  
  29  2:13  Warp Gate  
  29  2:28  Nexus  
  29  2:32  Pylon  
  29  2:40  Stalker  
  31  2:48  Oracle (Chrono Boost)  
  34  2:56  Shield Battery  
  34  3:07  Shield Battery, Probe  
  33  3:26  Void Ray (Chrono Boost), Probe  
  38  3:38  Probe  
  38  3:40  Probe  
  40  3:50  Shield Battery  
  40  3:53  Gateway  
  44  4:03  Void Ray (Chrono Boost)  
  44  4:09  Stalker  
  46  4:15  Shield Battery  
  46  4:18  Pylon  
  46  4:24  Shield Battery  
  46  4:37  Void Ray (Chrono Boost), Probe  
  52  4:47  Pylon  
  52  4:49  Stalker  
  52  4:51  Stalker  
  55  4:56  Assimilator  
  55  5:08  Pylon  
  59  5:17  Void Ray (Chrono Boost)  
  59  5:18  Zealot  
  58  5:23  Stalker  
  60  5:29  Pylon  
  60  5:30  Probe  
  62  5:41  Robotics Facility  
  61  5:46  Stalker  
  61  5:53  Probe, Stalker  
  65  5:57  Probe  
  64  6:06  Probe  
  64  6:09  Probe  
  61  6:18  Stalker x2  
  66  6:25  Pylon  
  66  6:28  Immortal (Chrono Boost)  
  68  6:34  Probe  
  68  6:36  Probe  
  70  6:43  Adept x2  
  70  6:46  Probe  
  75  6:53  Probe  
  76  7:01  Immortal (Chrono Boost)  
  80  7:09  Probe  
  80  7:10  Stalker  
  80  7:11  Stalker  
  85  7:27  Twilight Council  
  83  7:30  Pylon  
  83  7:31  Observer (Chrono Boost)  
  83  7:34  Stalker  
  86  7:39  Probe x2  
  86  7:47  Immortal (Chrono Boost)  
  86  7:52  Probe  
  86  7:53  Probe  
  86  7:59  Stalker x2  
  86  8:01  Gateway  
  86  8:03  Gateway  
  90  8:10  Assimilator  
  90  8:14  Blink  
  90  8:30  Adept  
  90  8:31  Adept  
  94  8:41  Nexus  
  94  8:44  Pylon  
  94  8:50  Dark Shrine  
  94  8:59  Warp Prism (Chrono Boost)  
  96  9:03  Probe  
  96  9:04  Probe  
  98  9:10  Sentry, Stalker  
  98  9:13  Pylon  
  98  9:14  Shield Battery  
  101  9:25  Probe  
  101  9:28  Observer (Chrono Boost)  
  102  9:31  Probe  
  103  9:39  Probe  
  104  9:46  Pylon  
  104  9:47  Pylon  
  104  9:52  Forge  
  104  9:53  Probe  
  104  9:55  Stalker, Probe  
  104  9:56  Stalker x3  
  104  9:57  Probe  
  115  10:05  Probe  
  117  10:07  Observer (Chrono Boost), Probe  
  117  10:10  Probe  
  119  10:17  Probe  
  119  10:19  Probe  
  119  10:20  Dark Templar x4  
  129  10:29  Protoss Ground Weapons Level 1 (Chrono Boost)  
  129  10:33  Photon Cannon  
  129  10:35  Pylon  
  125  10:44  Gateway  
  125  10:46  Gateway  
  125  10:54  Stalker x4  
  129  11:05  Probe  
  129  11:11  Charge  
  129  11:12  Gateway  
  129  11:13  Warp Prism  
  129  11:17  Gateway  
  129  11:18  Stalker x3  
  134  11:24  Dark Templar  
  134  11:33  Pylon x2  
  134  11:39  Stalker  
  136  11:44  Pylon  
  134  11:54  Stalker x3  
  134  11:55  Stalker  
  140  12:05  Observer  
  140  12:07  Nexus  
  140  12:08  Probe x2  
  140  12:10  Photon Cannon  
  140  12:13  Stalker  
  140  12:14  Stalker x3  
  148  12:26  Dark Templar x2  
  148  12:27  Zealot x2  
  148  12:29  Assimilator, Probe  
  153  12:42  Zealot x4  
  161  12:48  Probe  
  161  12:50  Probe  
  163  12:52  Probe  
  164  13:01  Zealot  
  164  13:05  Pylon  
  164  13:06  Pylon  
Show
View Real Time Build Order
Export as new Build Order

Gerald Protoss 

Build Orders: Blink Stalkers 

Get SALT Encoding   

  12  0:00  Probe  
  13  0:12  Probe  
  14  0:17  Pylon  
  14  0:24  Probe (Chrono Boost)  
  16  0:37  Gateway, Probe (Chrono Boost)  
  16  0:43  Probe (Chrono Boost)  
  16  0:45  Assimilator  
  17  0:51  Probe  
  17  0:54  Assimilator  
  18  1:03  Probe (Chrono Boost)  
  19  1:13  Probe (Chrono Boost)  
  19  1:15  Gateway  
  19  1:18  Probe (Chrono Boost)  
  21  1:28  Cybernetics Core  
  21  1:29  Probe  
  22  1:40  Pylon  
  22  1:41  Probe  
  23  1:58  Probe  
  24  2:06  Twilight Council  
  23  2:10  Probe  
  23  2:12  Warp Gate  
  28  2:22  Probe  
  29  2:26  Stalker, Pylon  
  27  2:32  Stalker  
  30  2:47  Gateway  
  30  2:49  Shield Battery  
  29  2:57  Shield Battery  
  29  3:00  Blink (Chrono Boost), Stalker  
  30  3:13  Probe  
  31  3:22  Stalker  
  33  3:49  Nexus  
  33  3:50  Probe  
  33  3:53  Pylon  
  33  4:11  Stalker x2  
  33  4:12  Adept  
  33  4:15  Probe  
  40  4:28  Pylon  
  40  4:32  Stalker  
  40  4:37  Stalker  
  44  4:47  Stalker  
  44  4:52  Probe  
  47  4:53  Shield Battery  
  47  5:14  Probe  
  47  5:16  Probe  
  49  5:26  Probe  
  48  5:29  Stalker x2  
  48  5:34  Stalker  
  54  5:37  Probe  
  55  5:49  Assimilator  
  55  5:52  Pylon  
  55  5:53  Stalker x2  
  59  6:02  Probe  
  56  6:06  Stalker  
  54  6:16  Stalker x2  
  52  6:25  Gateway  
  52  6:28  Gateway  
  52  6:30  Probe x2  
  54  6:33  Stalker  
  56  6:40  Stalker x2  
  56  6:45  Probe (Chrono Boost)  
  62  6:47  Probe (Chrono Boost)  
  62  6:50  Pylon  
  63  6:55  Probe (Chrono Boost)  
  63  7:02  Robotics Facility  
  63  7:08  Nexus  
  62  7:11  Stalker  
  60  7:19  Sentry, Zealot  
  60  7:22  Probe (Chrono Boost)  
  64  7:28  Probe (Chrono Boost)  
  62  7:34  Pylon, Probe (Chrono Boost)  
  59  7:47  Zealot  
  59  7:48  Zealot x4  
  60  8:08  Stalker x3  
  66  8:17  Zealot, Stalker  
  70  8:25  Probe  
  70  8:26  Probe  
  72  8:27  Observer  
  71  8:39  Assimilator  
  71  8:41  Nexus  
  71  8:45  Probe (Chrono Boost)  
  72  8:54  Probe (Chrono Boost)  
  72  8:55  Shield Battery  
  73  8:59  Probe (Chrono Boost)  
  73  9:02  Zealot x3  
  80  9:13  Probe  
  81  9:21  Stalker x2  
  85  9:35  Pylon  
  85  9:37  Pylon  
  85  9:46  Twilight Council  
  85  9:47  Pylon  
  85  9:55  Shield Battery, Stalker x5  
  85  9:58  Observer  
  96  10:03  Probe  
  97  10:09  Shield Battery  
  97  10:15  Probe  
  97  10:16  Probe  
  98  10:21  Stalker x2  
  98  10:27  Probe  
  103  10:32  Charge (Chrono Boost)  
  103  10:35  Probe  
  104  10:39  Probe  
  105  10:44  Stalker  
  105  10:45  Observer (Chrono Boost), Stalker x2  
  105  10:46  Zealot x2  
  115  10:51  Probe  
  103  11:21  Probe x2  
  103  11:25  Probe (Chrono Boost)  
  101  11:26  Zealot x4  
  109  11:43  Probe (Chrono Boost)  
  109  11:44  Pylon  
  109  11:45  Probe (Chrono Boost)  
  107  11:47  Probe (Chrono Boost)  
  107  11:48  Zealot x2  
  107  11:53  Zealot  
  103  11:55  Zealot  
  98  12:08  Zealot, Stalker  
  100  12:10  Probe  
  103  12:22  Zealot  
  94  12:40  Pylon  
  94  12:47  Stalker x2  
  94  13:00  Probe  
  94  13:02  Probe  
Tags
 
Add a new tag
Caveats
  • Supply blocks, unpowered buildings, or Contaminate may cause inaccurate times.
  • Supply counts are checked every 10 seconds.